 Dungeon Crawl Stone Soup version 0.32-a0-996-gb3226c233f (webtiles) character file.

Game seed: 8234889482210095367

89 ytrimaz the Caller (level 4, -3/30 HPs)
             Began as a Demonspawn Summoner on Apr 24, 2024.
             Slain by an orc
             ... wielding a +0 whip of electrocution
              (16 damage)
             ... on level 3 of the Dungeon.
             The game lasted 00:03:46 (2746 turns).

ytrimaz the Caller (Demonspawn Summoner)            Turns: 2746, Time: 00:03:46

Health: -3/30      AC:  2    Str:  9    XL:     4   Next: 31%
Magic:  5/8        EV: 11    Int: 17    God:
Gold:   137        SH:  0    Dex: 13    Spells: 2/8 levels left

rFire   . . .        (no weapon)
rCold   . . .        (no shield)
rNeg    . . .        a - +0 robe
rPois   .            (no helmet)
rElec   .            (no cloak)
rCorr   .            (no gloves)
SInv    .            (no boots)
Will    .....        (no amulet)
Stlth   ++           (no ring)
HPRegen 0.25/turn    (no ring)
MPRegen 0.22/turn

%: no passive effects
@: inugami summoned
A: hooves 1, magic regeneration
a: no special abilities


You were on level 3 of the Dungeon.
You visited 1 branch of the dungeon, and saw 3 of its levels.

You collected 137 gold pieces.


Innate Abilities, Weirdness & Mutations

You have large cloven feet.
You regenerate magic rapidly.


   Skills:
 + Level 2.8 Dodging
 - Level 1.7 Stealth
 + Level 2.9 Spellcasting
 + Level 4.6 Summonings


You had 2 spell levels left.
You knew the following spells:

 Your Spells              Type           Power      Damage    Failure   Level
a - Summon Small Mammal   Summ           72%        N/A       2%          1
b - Call Imp              Summ           36%        N/A       4%          2
c - Call Canine Familiar  Summ           18%        N/A       8%          3

Your spell library contained the following spells:

 Spells                   Type           Power      Damage    Failure   Level
 Summon Blazeheart Golem  Fire/Summ      10%        N/A       56%         4
 Summon Lightning Spire   Summ/Air       10%        N/A       56%         4

Inventory:

Armour
 a - a +0 robe (worn)
Scrolls
 b - 5 scrolls of teleportation {unknown}
 e - a scroll of enchant armour {unknown}
 g - 5 scrolls of fog {unknown}
 i - 4 scrolls of identify {unknown}
Potions
 c - 3 potions of curing {unknown}
 d - 4 potions of heal wounds {unknown}
 f - a potion of invisibility {unknown}
 h - a potion of lignification {unknown}
 j - a potion of enlightenment {unknown}

Dungeon Overview and Level Annotations

Branches:
Dungeon (3/15) Zot: 15253

Altars:

Annotations:
D:2 1 runed translucent door, Crazy Yiuf

#####......
#..........
#.###....[. #.#
#.#####
#####.###)#
#.........#
#######....(....#
#...............#
#...@...........#
#..ooo..........#
#.5h.###........#
#....# #.##.##..#
#...## ####....##
..## #.### #..###
.....##.# #. #
#>...).##
#...##).#


You could see 3 orcs, a friendly cerulean imp (summoned) and a friendly inugami
(summoned).


Message History

The giant cockroach bites your cerulean imp but does no damage.
Your cerulean imp barely misses the orc. 😎 MP[+1]
The giant cockroach closely misses your cerulean imp.
Your cerulean imp hits the orc with a -3 spear.
The orc dies!
The orc barely misses your cerulean imp.
Casting: Summon Small Mammal (safe; 2% risk of failure)
Confirm with . or Enter, or press ? or * to list all spells.
The giant cockroach bites your cerulean imp.
Your cerulean imp hits the giant cockroach with a -3 spear.
The orc closely misses your cerulean imp. 😎 MP[-1]
You lost 1 mp, and now have 5/8 mp.
Unknown command.
The giant cockroach closely misses your cerulean imp.
The orc hits your cerulean imp with a +0 dagger.
Your cerulean imp barely misses the giant cockroach.
Your rat bites the orc.
Something closely misses your cerulean imp.
Something barely misses your cerulean imp.
Your rat barely misses the orc.
The orc hits your cerulean imp with a +0 dagger.
Your cerulean imp hits the orc with a -3 spear.
The orc dies! 😎 MP[+1]
Something barely misses your cerulean imp.
The orc hits your rat with a +0 club.
Your rat dies!
Your rat's corpse disappears in a puff of smoke!
Your cerulean imp hits the giant cockroach with a -3 spear.
The giant cockroach dies!
Your cerulean imp hits the orc but does no damage.
The orc misses your cerulean imp.
Your cerulean imp hits the orc but does no damage.
The orc barely misses your cerulean imp.
The kobold closely misses your cerulean imp.
Your cerulean imp barely misses the orc. 😎 MP[+1]
The orc completely misses your cerulean imp.
The kobold closely misses your cerulean imp.
Your cerulean imp hits the orc but does no damage.
The orc hits your cerulean imp with a +0 club.
The kobold closely misses your cerulean imp.
Your cerulean imp hits the orc but does no damage.
Your familiar recovers from its injuries.
The orc barely misses your cerulean imp.
The kobold hits your cerulean imp with a +0 short sword.
Your cerulean imp dies!
Your cerulean imp disappears in a puff of smoke!
The orc hits your quokka with a +0 club.
The kobold hits your quokka but does no damage.
Your quokka bites the kobold. 😎 MP[+1]
Your mp is fully restored (8).
The orc hits your quokka with a +0 club.
Your quokka dies!
Your quokka's corpse disappears in a puff of smoke!
Casting: Summon Small Mammal (safe; 2% risk of failure)
Confirm with . or Enter, or press ? or * to list all spells.
A tiny devil pulls itself out of the air.
The kobold throws a stone.
The stone barely misses you. 😎 MP[-2]
You lost 2 mp, and now have 6/8 mp.
Unknown command.
Casting: Call Imp (safe; 4% risk of failure)
Confirm with . or Enter, or press ? or * to list all spells.
You call for your canine familiar and it appears with a howl! 😎 MP[-3]
You lost 3 mp, and now have 3/8 mp.
Unknown command.
Your cerulean imp barely misses the kobold.
Your cerulean imp hits the kobold with a -3 spear. 😎 MP[+1]
The kobold throws a stone.
The stone barely misses you.
Your cerulean imp barely misses the kobold.
Your inugami hits the kobold but does no damage.
The kobold hits your inugami with a +0 short sword.
Your cerulean imp misses the kobold.
Your inugami hits the kobold.
The kobold dies!
Your cerulean imp hits the orc but does no damage.
The orc closely misses you.
Unknown command.
The orc closely misses you.
The orc hits you with a +0 whip of electrocution.
Your inugami closely misses the orc. 😕 HP[-6] MP[+1]
You take 6 damage, and now have 24/30 hp.
Your cerulean imp hits the orc but does no damage.
The orc closely misses you. The orc barely misses you.
Your inugami hits the orc.
Unknown command.
You hit the orc but do no damage. Your kick misses the orc.
Your cerulean imp hits the orc with a -3 spear.
The orc barely misses you. The orc hits you with a +0 falchion.
The orc hits you with a +0 whip of electrocution.
* * * LOW HITPOINT WARNING * * *
You are electrocuted!
Ouch! That really hurt!
You die...

Skill      XL: |  1 |
---------------+----+-----
Dodging        | 2 |  2.8
Stealth        | |  1.7
Spellcasting   | |  2.9
Summonings     | |  4.6

Action                     |  1- 3 |  4- 6 || total
---------------------------+-------+-------++-------
  Melee: Unarmed           |    68 |     1 ||    69
         Kick              |    12 |       ||    12
   Cast: Summon Small Mamm |    31 |     3 ||    34
         Call Imp          |    26 |     5 ||    31
         Call Canine Famil |       |     2 ||     2
    Use: Potion            |     2 |       ||     2
 Armour: Robe              |    97 |     4 ||   101
  Dodge: Dodged            |   133 |     9 ||   142

Levels and vault maps discovered:
D:1:      nzn_arrival_settlement, layout_basic, grunt_decor_one_mirror,
          minmay_misc_feat_room
D:2:      layout_basic, uniq_crazy_yiuf_cottage, uniq_robin
D:3:      layout_basic, pdpol_wu_jian_five_deadly_venoms, uniq_natasha

Notes
Turn   | Place    | Note
-------+----------+-------------------------------------------
     0 | D:1      | ytrimaz the Demonspawn Summoner began the quest for the
                  | Orb.
     0 | D:1      | Reached XP level 1. HP: 13/13 MP: 3/3
     0 | D:1      | magus.rc [v1.9.6]
   156 | D:1      | HP: 2/13 [jackal (2)]
   184 | D:1      | HP: 2/13 [jackal (3)]
   221 | D:1      | Reached skill level 2 in Dodging
   221 | D:1      | HP: 3/13 [jackal (1)]
   228 | D:1      | HP: 3/13 [jackal (1)]
   235 | D:1      | Gained mutation: You have large cloven feet. [demonic
                  | ancestry]
   235 | D:1      | Reached XP level 2. HP: 3/19 MP: 0/5
   447 | D:1      | Learned a level 2 spell: Call Imp
  1041 | D:1      | Reached XP level 3. HP: 24/24 MP: 2/6
  1764 | D:2      | Learned a level 3 spell: Call Canine Familiar
  1941 | D:2      | Noticed Robin
  1962 | D:2      | Killed Robin
  1963 | D:2      | Gained mutation: You regenerate magic rapidly. [demonic
                  | ancestry]
  1963 | D:2      | Reached XP level 4. HP: 10/30 MP: 3/8
  2158 | D:2      | Found a runed translucent door.
  2159 | D:2      | Noticed Crazy Yiuf
  2746 | D:3      | Slain by an orc

Vanquished Creatures
  A ball python (D:1)
  2 bats
  A giant cockroach (D:1)
  3 goblins (D:2)
  A hobgoblin (D:2)
  4 jackals (D:1)
12 creatures vanquished.

Vanquished Creatures (collateral kills)
  Robin (D:2)
  An adder (D:2)
  A ribbon worm (D:2)
  3 orcs (D:3)
  4 endoplasms
  2 giant cockroaches
  9 goblins
  5 hobgoblins
  6 jackals (D:1)
  3 bats
  3 frilled lizards
  2 kobolds (D:3)
  4 rats (D:1)
44 creatures vanquished.

Grand Total: 56 creatures vanquished

Table legend:
 A = Non-vault XP
 B = Vault XP
 C = Vault XP percentage of total XP
 D = Non-vault monster count
 E = Vault monster count
 F = Vault count percentage of total count
                 A         B        C        D         E       F
            +---------+---------+-------+---------+---------+-------
      Total |      93 |      35 |  27.3 |      44 |      12 |  21.4
            +---------+---------+-------+---------+---------+-------
        D:1 |      43 |       0 |   0.0 |      25 |       0 |   0.0
        D:2 |      36 |      35 |  49.3 |      13 |      12 |  48.0
        D:3 |      14 |       0 |   0.0 |       6 |       0 |   0.0
            +---------+---------+-------+---------+---------+-------

Skill      XL: |  1 |
---------------+----+-----
Dodging        | 2 |  2.8
Stealth        | |  1.7
Spellcasting   | |  2.9
Summonings     | |  4.6

Action                     |  1- 3 |  4- 6 || total
---------------------------+-------+-------++-------
  Melee: Unarmed           |    68 |     1 ||    69
         Kick              |    12 |       ||    12
   Cast: Summon Small Mamm |    31 |     3 ||    34
         Call Imp          |    26 |     5 ||    31
         Call Canine Famil |       |     2 ||     2
    Use: Potion            |     2 |       ||     2
 Armour: Robe              |    97 |     4 ||   101
  Dodge: Dodged            |   133 |     9 ||   142

Illustrated notes

Table legend:
 A = Kills in this place as a percentage of kills in the entire game.
 B = Kills by you in this place as a percentage of kills by you in the entire game.
 C = Kills by friends in this place as a percentage of kills by friends in the entire game.
 D = Other kills in this place as a percentage of other kills in the entire game.
 E = Experience gained in this place as a percentage of experience gained in the entire game.
 F = Experience gained in this place divided by the number of levels of this place that you have seen.
                   A       B       C       D       E      F
               +-------+-------+-------+-------+-------+----------------------
         Total | 100.0 | 100.0 | 100.0 |   N/A | 100.0 |  42.7
       Dungeon | 100.0 | 100.0 | 100.0 |   N/A | 100.0 |  42.7
               +-------+-------+-------+-------+-------+----------------------

Table legend: (Time is in decaauts)
 A = Elapsed time spent in this place.
 B = Non-inter-level travel time spent in this place.
 C = Inter-level travel time spent in this place.
 D = Time resting spent in this place.
 E = Time spent auto-exploring this place.
 F = Levels seen in this place.
 G = Mean time per level.
                   A        B        C        D        E       F      G
               +--------+--------+--------+--------+--------+-----+--------+
         Total |   2745 |   2675 |     70 |      0 |   2055 |   3 |  915.0 |
       Dungeon |   2745 |   2675 |     70 |      0 |   2055 |   3 |  915.0 |
               +--------+--------+--------+--------+--------+-----+--------+

Top non-repeatable levels by time:
     D:1: 1336 daAuts
     D:2: 1223 daAuts
     D:3: 185 daAuts
